 Dungeon Crawl Stone Soup version 0.19.5 (webtiles) character file.

2554 equalderp2856 the Slasher (level 9, -8/69 HPs)
             Began as a Mummy Fighter on Mar 30, 2017.
             Mangled by a wyvern (14 damage)
             ... on level 8 of the Dungeon.
             The game lasted 00:17:49 (10063 turns).

equalderp2856 the Slasher (Mummy Fighter)          Turns: 10063, Time: 00:17:50

Health: -8/69      AC:  8    Str: 21    XL:     9   Next: 31%
Magic:  9/9        EV:  7    Int:  8    God:
Gold:   283        SH: 16    Dex: 12    Spells: 0 memorised, 8 levels left

rFire  x . .     SeeInvis .     a - +1 long sword
rCold  + . .     Gourm    .     b - +0 scale mail
rNeg   + + +     Faith    .     r - +1 large shield
rPois  ∞         Spirit   .     (no helmet)
rElec  .         Reflect  .     (no cloak)
rCorr  .         Harm     .     t - +0 pair of gloves
MR     +....                    (no boots)
Stlth  ..........               (no amulet)
                                (no ring)
                                (no ring)

@: about to teleport
A: no food or potions, fire vulnerability, cold resistance 1, negative energy
resistance 3, torment resistance, unbreathing
a: no special abilities


You were on level 8 of the Dungeon.
You were not hungry.

You visited 1 branch of the dungeon, and saw 8 of its levels.

You collected 283 gold pieces.

Inventory:

Hand Weapons
 a - a +1 long sword (weapon)
 j - a cursed -1 flail
 k - a +2 whip of venom
 l - a +0 short sword
 v - a +4 flail
 w - a +5 hand axe
 x - a +0 shortbow
 y - a +2 battleaxe
 C - a +0 dagger of venom
 D - a +0 hand crossbow
 E - a +0 hunting sling
 G - a +2 hand axe of chopping
Missiles
 p - 117 arrows
 z - 4 javelins (quivered)
 I - a throwing net
Armour
 b - a +0 scale mail (worn)
 c - a +0 shield
 m - a +0 robe
 r - a +1 large shield (worn)
 t - a +0 pair of gloves (worn)
 u - a +0 chain mail
 A - a +0 scale mail
Jewellery
 F - a cursed ring of loudness {unknown}
Wands
 f - a wand of iceblast (6/15)
 o - a wand of iceblast (10/15)
 H - a wand of flame (24/48)
Scrolls
 d - 10 scrolls of identify
 e - 5 scrolls of enchant weapon
 g - 3 scrolls of noise
 h - 2 scrolls of random uselessness
 i - 2 scrolls of enchant armour
 n - 2 scrolls of teleportation
 s - 4 scrolls of remove curse
 B - 2 scrolls of blinking {unknown}
 J - 2 scrolls of magic mapping {unknown}
Books
 q - a book of Debilitation

   Spells                             Type                      Level
   a - Corona                         Hexes                        1
   b - Slow                           Hexes                        2
   c - Gell's Gravitas                Hexes/Translocation          3
   d - Inner Flame                    Hexes/Fire                   3
   e - Cause Fear                     Hexes                        4
   f - Leda's Liquefaction            Hexes/Earth                  4


   Skills:
 + Level 5.7 Fighting
 + Level 6.3 Long Blades
 + Level 5.4 Armour
 + Level 2.5 Dodging
 + Level 0.1 Stealth
 + Level 5.5 Shields


You had 8 spell levels left.
You didn't know any spells.

Dungeon Overview and Level Annotations

Branches:
Dungeon (8/15)             Temple (0/1) D:7
   Lair: D:8-11

Altars:
Ashenzari
Elyvilon
Kikubaaqudgha
Qazlal
Ru
Uskayaw

Shops:
D:5 %


Innate Abilities, Weirdness & Mutations

You do not eat or drink.
Your flesh is vulnerable to fire.
You are immune to poison.
Your flesh is cold resistant. (rC+)
You are immune to negative energy. (rN+++)
You are immune to unholy pain and torment.
You can survive without breathing.


Message History

You closely miss the wyvern.
The wyvern is severely wounded.
The wyvern bites you! You block the wyvern's attack.
You closely miss the wyvern.
The wyvern is severely wounded.
You block the wyvern's attack. The wyvern bites you!
You barely miss the wyvern.
The wyvern is severely wounded.
You block the wyvern's attack. The wyvern bites you.
You hit the wyvern but do no damage.
The wyvern is severely wounded.
You block the wyvern's attack. The wyvern bites you!
* * * LOW HITPOINT WARNING * * *
You hit the wyvern but do no damage.
The wyvern is severely wounded.
You block the wyvern's attack. The wyvern bites you.
* * * LOW HITPOINT WARNING * * *
As you read the scroll of teleportation, it crumbles to dust.
You feel strangely unstable. The wyvern bites you!
You die...

#.# #.# ####
##.## # ##...
####...######
#.#....
..#..........
#......
#.##....#####
#.... #.###.#.##
#....##.###....#
#..@l........#
#####.###....#
#.# #.#### ..#
#.# #### #.# #.#
#.# #####.#
##...#.##


You could see a wyvern.

Vanquished Creatures
  The ghost of execc the Sneak, an amateur OpAr (D:5)
  A hippogriff (D:7)
  3 ice beasts
  A sky beast (D:5)
  A black bear (D:6)
  An ogre (D:7)
  A phantom (D:4)
  2 centaurs
  2 bullfrogs
  A scorpion (D:3)
  6 killer bees
  4 wights
  4 crimson imps
  3 jellies (D:5)
  2 orc wizards
  2 hounds (D:4)
  An orc priest (D:3)
  2 centaur skeletons (D:4)
  2 iguanas
  4 worker ants
  A killer bee zombie (D:8)
  A hound skeleton (D:5)
  A howler monkey zombie (D:5)
  A howler monkey skeleton (D:6)
  A gnoll (D:2)
  8 adders
  A shadow imp (D:7)
  An ooze (D:1)
  An adder zombie (D:8)
  An adder skeleton (D:6)
  A worm (D:2)
  6 dart slugs
  3 leopard geckos
  19 orcs
  6 giant cockroaches
  7 goblins
  6 hobgoblins
  8 jackals
  8 kobolds
  7 quokkas
  A ball python (D:4)
  9 bats
  2 frilled lizards
  A leopard gecko skeleton (D:6)
  9 rats
154 creatures vanquished.

Vanquished Creatures (others)
  A quokka (D:5)
1 creature vanquished.

Grand Total: 155 creatures vanquished

Notes
Turn   | Place    | Note
-------+----------+-------------------------------------------
     0 | D:1      | equalderp2856 the Mummy Fighter began the quest for the Orb.
     0 | D:1      | Reached XP level 1. HP: 18/18 MP: 1/1
    72 | D:1      | Reached XP level 2. HP: 20/24 MP: 2/2
   675 | D:2      | Reached skill level 2 in Long Blades
   675 | D:2      | Reached XP level 3. HP: 28/29 MP: 3/3
  1613 | D:2      | Reached XP level 4. HP: 28/37 MP: 4/4
  2563 | D:3      | Reached XP level 5. HP: 42/42 MP: 5/5
  2927 | D:3      | Found a hide-covered altar of Uskayaw.
  3140 | D:3      | Reached skill level 3 in Long Blades
  3965 | D:4      | Reached skill level 1 in Dodging
  3965 | D:4      | Reached XP level 6. HP: 24/48 MP: 6/6
  4865 | D:4      | Reached XP level 7. HP: 55/55 MP: 7/7
  4904 | D:4      | You fall through a shaft for 3 floors!
  4968 | D:7      | Found a stormy altar of Qazlal.
  5004 | D:6      | Reached skill level 4 in Long Blades
  5100 | D:5      | Entered Level 5 of the Dungeon
  5205 | D:5      | Found Ipyjacwa's Food Shop.
  5219 | D:5      | Found a white marble altar of Elyvilon.
  5530 | D:5      | Noticed execc's ghost (amateur OpAr)
  5551 | D:5      | Killed execc's ghost
  6388 | D:5      | Reached XP level 8. HP: 33/61 MP: 8/8
  6697 | D:5      | Reached skill level 5 in Fighting
  6697 | D:5      | Reached skill level 5 in Long Blades
  6931 | D:6      | Found an ancient bone altar of Kikubaaqudgha.
  7224 | D:6      | Reached skill level 5 in Armour
  8497 | D:6      | Found a sacrificial altar of Ru.
  8497 | D:6      | Found a shattered altar of Ashenzari.
  8579 | D:7      | Reached skill level 6 in Long Blades
  8602 | D:7      | Reached skill level 5 in Shields
  8602 | D:7      | Reached XP level 9. HP: 43/68 MP: 9/9
  9384 | D:7      | Found a staircase to the Ecumenical Temple.
 10063 | D:8      | Mangled by a wyvern

Skill      XL: |  1  2  3  4  5  6  7  8 |
---------------+-------------------------+-----
Long Blades    | 2 3 4 6 |  6.3
Armour         | 3 4 5 |  5.4
Shields        | 3 5 |  5.5
Fighting       | 4 5 |  5.7
Dodging        | 1 2 |  2.5
Stealth        | |  0.1

Action                   |  1- 3 |  4- 6 |  7- 9 || total
-------------------------+-------+-------+-------++-------
Melee: Long sword        |   147 |   263 |   420 ||   830
  Use: Scroll            |       |     6 |     3 ||     9
Armor: Scale mail        |    67 |   116 |   168 ||   351
Dodge: Dodged            |    46 |    76 |    94 ||   216
Block: Shield            |    78 |   157 |    18 ||   253
       Large shield      |       |       |   362 ||   362
       Rpst.: Long sword |    16 |    29 |    24 ||    69
